 Dungeon Crawl Stone Soup version 0.26.1-16-g4e020e15dc (webtiles) character file.

Game seed: 10838810590887235408

30 Froggeryz the Insei (level 3, -2/43 HPs)
             Began as a Draconian Transmuter on Mar 19, 2023.
             Slain by an adder (3 damage)
             ... on level 2 of the Dungeon.
             The game lasted 00:01:04 (929 turns).

Froggeryz the Insei (Draconian Transmuter)           Turns: 929, Time: 00:01:05

Health: -2/43      AC: 21    Str: 12    XL:     3   Next: 3%
Magic:  6/6        EV:  2    Int: 13    God:
Gold:   20         SH:  0    Dex: 12    Spells: 5/6 levels left

rFire    . . .     SeeInvis .     - Unarmed
rCold    . . .     Faith    .   (no shield)
rNeg     + + +     Spirit   .   (armour unavailable)
rPois    +         Reflect  .   (helmet currently unavailable)
rElec    .         Harm     .   (cloak currently unavailable)
rCorr    .         Rampage  .   (gloves currently unavailable)
Will     .....     NoTele   +   (boots currently unavailable)
Stlth    +.........             (no amulet)
HPRegen  0.14/turn              (no ring)
MPRegen  0.10/turn              (no ring)

@: tree-form
A: unfitting armour, AC +5
a: no special abilities


You were on level 2 of the Dungeon.
You were a tree.
You visited 1 branch of the dungeon, and saw 2 of its levels.

You collected 20 gold pieces.

Inventory:

Missiles
 c - 12 poisoned darts (quivered)
Scrolls
 a - 2 scrolls of magic mapping {unknown}
 b - 2 scrolls of identify {unknown}
 e - a scroll of random uselessness {unknown}
 f - a scroll of enchant armour {unknown}


   Skills:
 + Level 1.9 Fighting
 + Level 2.1 Dodging
 * Level 3.6 Unarmed Combat
 - Level 2.0 Spellcasting
 - Level 2.0 Transmutations


You had 5 spell levels left.
You knew the following spells:

 Your Spells              Type           Power        Failure   Level
a - Beastly Appendage     Tmut           12%          11%         1

Your spell library contained the following spells:

 Spells                   Type           Power        Failure   Level
 Wereblood                Tmut           6%           17%         2
 Spider Form              Tmut/Pois      1%           45%         3
 Ice Form                 Ice/Tmut       3%           86%         4
 Blade Hands              Tmut           3%           97%         5


Dungeon Overview and Level Annotations

Branches:
Dungeon (2/15)

Altars:


Innate Abilities, Weirdness & Mutations

((Your plain brown scales are hard. (AC +5)))
You cannot fit into any form of body armour.
((You are cold-blooded and may be slowed by cold attacks.))


Message History

* * * LOW HITPOINT WARNING * * *
You feel sick.
* * * LOW HITPOINT WARNING * * *
You feel sick.
* * * LOW HITPOINT WARNING * * *
You feel sick.
You are no longer poisoned.
You start resting.
An adder is nearby!
The adder bites you but does no damage.
You barely miss the adder. The adder bites you but does no damage.
You closely miss the adder. The adder bites you but does no damage.
You hit the adder.
The adder is lightly wounded.
The adder bites you.
* * * LOW HITPOINT WARNING * * *
You hit the adder but do no damage.
The adder is lightly wounded.
The adder bites you.
You die...

#.# #.# #### #.#
r..... #.#
##+#....S #.#
.##.....#.## #.#
........+.. #.#
........#.#######.#
........+..S♣.....#
........#.#########
........K.#
....####..# . #..#
#..# .?.. .....#
.....#


You could see an adder.

Vanquished Creatures
  An adder (D:2)
  2 leopard geckos (D:1)
  A bat (D:1)
  2 giant cockroaches (D:1)
  3 goblins (D:1)
  2 hobgoblins (D:1)
  3 kobolds
  4 rats
18 creatures vanquished.

Notes
Turn   | Place    | Note
-------+----------+-------------------------------------------
     0 | D:1      | Froggeryz the Draconian Transmuter began the quest for the
                  | Orb.
     0 | D:1      | Reached XP level 1. HP: 16/16 MP: 3/3
   292 | D:1      | Reached XP level 2. HP: 22/23 MP: 5/5
   900 | D:2      | Reached XP level 3. HP: 9/29 MP: 4/6
   909 | D:2      | HP: 2/43 [poisoned by an adder]
   917 | D:2      | HP: 1/43 [poisoned by an adder]
   928 | D:2      | HP: 1/43 [adder (2)]
   929 | D:2      | Slain by an adder

Illustrated notes

Levels and vault maps discovered:
D:1:      dpeg_arrival_concentric_ovals, layout_loops_ring
D:2:      layout_basic, eat_drink_and_be_merry_uskayaw, serial_curves,
          eino_curves_02, eino_curves_02

Skill      XL: |  1 |
---------------+----+-----
Dodging        | 2 |  2.1
Fighting       | |  1.9
Unarmed Combat | |  3.6
Spellcasting   | |  2.0
Transmutations | |  2.0

Action                   || total
-------------------------++-------
Melee: Unarmed           ||    64
       Tailslap          ||     3
       Punch             ||     2
       Headbutt          ||     1
Throw: Dart              ||     1
 Cast: Beastly Appendage ||     3
  Use: Potion            ||     1
 Stab: Sleeping          ||     1
Armor: Skin              ||    21
Dodge: Dodged            ||    37
